 Dungeon Crawl Stone Soup version 0.31-a0-1620-gcbf77bbcfc (webtiles) character file.

Game seed: 4685246915754831360

22 kae the Firebug (level 2, -2/15 HPs)
             Began as a Tengu Fire Elementalist on Jan 11, 2024.
             Slain by a jackal (3 damage)
             ... on level 2 of the Dungeon.
             The game lasted 00:01:04 (833 turns).

kae the Firebug (Tengu Fire Elementalist)            Turns: 833, Time: 00:01:05

Health: -2/15      AC:  2    Str:  8    XL:     2   Next: 91%
Magic:  3/6        EV: 12    Int: 15    God:
Gold:   50         SH:  0    Dex: 14    Spells: 4/5 levels left

rFire   . . .        (no weapon)
rCold   . . .        (no shield)
rNeg    . . .        a - +0 robe
rPois   .            (helmet restricted)
rElec   .            (no cloak)
rCorr   .            (no gloves)
SInv    .            (boots unavailable)
Will    .....        (no amulet)
Stlth   ++           (no ring)
HPRegen 0.22/turn    (no ring)
MPRegen 0.10/turn

%: acrobat
@: no status effects
A: beak, talons 3, acrobatic
a: no special abilities


You were on level 2 of the Dungeon.
You visited 1 branch of the dungeon, and saw 2 of its levels.

You collected 50 gold pieces.


Innate Abilities, Weirdness & Mutations

You have a beak for a mouth.
You have claws for feet.
You can magically evade attacks while moving or waiting.


   Skills:
 - Level 2.1 Dodging
 - Level 2.0 Stealth
 + Level 2.2 Spellcasting
 * Level 2.5 Conjurations
 * Level 3.8 Fire Magic


You had 4 spell levels left.
You knew the following spells:

 Your Spells              Type           Power      Damage    Failure   Level
a - Foxfire               Conj/Fire      44%        2x1d6     6%          1

Your spell library contained the following spells:

 Spells                   Type           Power      Damage    Failure   Level
 Scorch                   Fire           26%        2d6       7%          2
 Slow                     Hex            4%         N/A       22%         1
 Inner Flame              Hex/Fire       7%         N/A       30%         3
 Volatile Blastmotes      Fire/Tloc      14%        2d11      30%         3
 Flame Wave               Conj/Fire      11%        2d6       52%         4
 Confusing Touch          Hex            1%         N/A       54%         3
 Sigil of Binding         Hex            1%         N/A       54%         3
 Vampiric Draining        Necr           1%         2d6       54%         3

Inventory:

Missiles
 c - 11 stones
 e - 6 poisoned darts
Armour
 a - a +0 robe (worn)
Jewellery
 v - a ring of see invisible
   (You found it on level 1 of the Dungeon)
Scrolls
 d - a scroll of teleportation {unknown}
 f - a scroll of fear {unknown}
Potions
 b - a potion of magic

Dungeon Overview and Level Annotations

Branches:
Dungeon (1/15) Zot: 11166

Altars:

#.# .. #.# .#
#.# h. ... h#
#.# h# #.# .#
#h#######.#
#@h.g.....#
##h#######.#
###...######.#
#...#......#..
#.#...####.#.#.
#.##.#####.#.#.#
#.##....##.#.. .
#.##.##.##.#.#
#. #.##.##.##.#


You could see 3 jackals and a hobgoblin.


Message History

You conjure some foxfire!
The hobgoblin hits you but does no damage.
The hobgoblin misses you. 😎 MP[-1]
You lost 1 mp, and now have 3/6 mp.
Unknown command.
Casting: Foxfire (safe; 6% risk of failure)
Confirm with . or Enter, or press ? or * to list all spells.
You conjure some foxfire!
The hobgoblin hits you.
The foxfire hits the hobgoblin.
You kill the hobgoblin! 😮 HP[-5] MP[-1]
You take 5 damage, and now have 10/15 hp.
MASSIVE DAMAGE!! (PAUSE)
You lost 1 mp, and now have 2/6 mp.
An endoplasm and a jackal come into view.
The jackal barks!
A jackal comes into view. x2 😎 HP[+5] MP[+4]
Your hp is fully restored (15).
Your mp is fully restored (6).
Unknown command.
There are monsters nearby!
There are monsters nearby!
There are monsters nearby!
The endoplasm quivers.
The jackal barks!
You hear a bark!
You hear a shout! x2
You hear a bark!
Casting: Foxfire (safe; 6% risk of failure)
Confirm with . or Enter, or press ? or * to list all spells.
You conjure some foxfire!
The foxfire hits the endoplasm but does no damage.
The foxfire hits the endoplasm.
A jackal comes into view.
The endoplasm freezes you.
You are frozen. 😕 HP[-1] MP[-1]
You take 1 damage, and now have 14/15 hp.
You lost 1 mp, and now have 5/6 mp.
Casting: Foxfire (safe; 6% risk of failure)
Confirm with . or Enter, or press ? or * to list all spells.
You conjure some foxfire!
The jackal barks!
The endoplasm closely misses you.
The foxfire hits the endoplasm.
You kill the endoplasm!
The foxfire hits the jackal. 😎 HP[+1] MP[-1]
Your hp is fully restored (15).
You lost 1 mp, and now have 4/6 mp.
Casting: Foxfire (safe; 6% risk of failure)
Confirm with . or Enter, or press ? or * to list all spells.
You conjure some foxfire!
The jackal bites you.
The foxfire hits the jackal.
The foxfire hits the jackal. 😕 HP[-2] MP[-1]
You take 2 damage, and now have 13/15 hp.
You lost 1 mp, and now have 3/6 mp.
Casting: Foxfire (safe; 6% risk of failure)
Confirm with . or Enter, or press ? or * to list all spells.
You conjure some foxfire!
The jackal bites you. The jackal closely misses you.
The foxfire hits the jackal.
The jackal closely misses you. The jackal misses you.
The jackal closely misses you.
A hobgoblin comes into view. 😮 HP[-2] MP[-1]
You take 2 damage, and now have 11/15 hp.
You lost 1 mp, and now have 2/6 mp.
Casting: Foxfire (safe; 6% risk of failure)
Confirm with . or Enter, or press ? or * to list all spells.
There is not enough space to conjure foxfire!
Unknown command.
The hobgoblin shouts!
You hit the jackal.
You kill the jackal!
The jackal barely misses you.
You barely miss the jackal. The jackal bites you.
The jackal closely misses you.
The jackal bites you but does no damage.
The jackal barely misses you. x2 😮 HP[-1] MP[+1]
You take 1 damage, and now have 10/15 hp.
You are too injured to fight recklessly!
You are too injured to fight recklessly!
You are too injured to fight recklessly!
You are too injured to fight recklessly!
You barely miss the jackal.
The jackal bites you but does no damage.
The jackal misses you. The jackal bites you. 😮 HP[-1]
You take 1 damage, and now have 9/15 hp.
Unknown command.
You hit the jackal but do no damage. You peck the jackal. The jackal bites you.
* * * LOW HITPOINT WARNING * * *
The jackal bites you.
* * * LOW HITPOINT WARNING * * *
The jackal bites you.
* * * LOW HITPOINT WARNING * * *
The jackal bites you.
* * * LOW HITPOINT WARNING * * *
The jackal bites you.
* * * LOW HITPOINT WARNING * * *
The jackal bites you.
You die...

Skill      XL: |  1 |
---------------+----+-----
Conjurations   | 2 |  2.5
Dodging        | |  2.1
Stealth        | |  2.0
Spellcasting   | |  2.2
Fire Magic     | |  3.8

Action                     || total
---------------------------++-------
  Melee: Unarmed           ||     4
         Peck              ||     1
   Cast: Foxfire           ||    34
 Armour: Robe              ||    14
  Dodge: Dodged            ||    17

Levels and vault maps discovered:
D:1:      dpeg_arrival_houses_and_road, layout_basic, serial_glass,
          glass_columns_b, glass_columns_c, minmay_statues_item
D:2:      layout_loops_ring, chequers_hall_statues_y

Notes
Turn   | Place    | Note
-------+----------+-------------------------------------------
     0 | D:1      | kae the Tengu Fire Elementalist began the quest for the
                  | Orb.
     0 | D:1      | Reached XP level 1. HP: 10/10 MP: 4/4
     0 | D:1      | magus.rc [v1.11.3]
   185 | D:1      | Reached skill level 2 in Conjurations
   185 | D:1      | Reached XP level 2. HP: 15/15 MP: 4/6
   504 | D:1      | magus.rc [v1.11.3]
   714 | D:1      | You pick up a book of Debilitation and begin reading...
   714 | D:1      | You add the spells Slow, Sigil of Binding, Vampiric
                  | Draining and Confusing Touch to your library.
   753 | D:1      | You fall into a shaft and drop 1 floor!
   833 | D:2      | HP: 2/15 [jackal (3)]
   833 | D:2      | Slain by a jackal

Vanquished Creatures
  A ball python (D:1)
  4 bats (D:1)
  2 endoplasms
  3 goblins (D:1)
  A hobgoblin (D:2)
  A jackal (D:2)
  4 kobolds (D:1)
  A frilled lizard (D:1)
  2 rats (D:1)
19 creatures vanquished.

Vanquished Creatures (others)
  53 foxfires
53 creatures vanquished.

Grand Total: 72 creatures vanquished

Table legend:
 A = Non-vault XP
 B = Vault XP
 C = Vault XP percentage of total XP
 D = Non-vault monster count
 E = Vault monster count
 F = Vault count percentage of total count
                 A         B        C        D         E       F
            +---------+---------+-------+---------+---------+-------
      Total |      32 |       0 |   0.0 |      19 |       0 |   0.0
            +---------+---------+-------+---------+---------+-------
        D:1 |      26 |       0 |   0.0 |      16 |       0 |   0.0
        D:2 |       6 |       0 |   0.0 |       3 |       0 |   0.0
            +---------+---------+-------+---------+---------+-------

Skill      XL: |  1 |
---------------+----+-----
Conjurations   | 2 |  2.5
Dodging        | |  2.1
Stealth        | |  2.0
Spellcasting   | |  2.2
Fire Magic     | |  3.8

Action                     || total
---------------------------++-------
  Melee: Unarmed           ||     4
         Peck              ||     1
   Cast: Foxfire           ||    34
 Armour: Robe              ||    14
  Dodge: Dodged            ||    17

Illustrated notes

Table legend:
 A = Kills in this place as a percentage of kills in the entire game.
 B = Kills by you in this place as a percentage of kills by you in the entire game.
 C = Kills by friends in this place as a percentage of kills by friends in the entire game.
 D = Other kills in this place as a percentage of other kills in the entire game.
 E = Experience gained in this place as a percentage of experience gained in the entire game.
 F = Experience gained in this place divided by the number of levels of this place that you have seen.
                   A       B       C       D       E      F
               +-------+-------+-------+-------+-------+----------------------
         Total | 100.0 | 100.0 |   N/A |   N/A | 100.0 |  16.0
       Dungeon | 100.0 | 100.0 |   N/A |   N/A | 100.0 |  16.0
               +-------+-------+-------+-------+-------+----------------------

Table legend: (Time is in decaauts)
 A = Elapsed time spent in this place.
 B = Non-inter-level travel time spent in this place.
 C = Inter-level travel time spent in this place.
 D = Time resting spent in this place.
 E = Time spent auto-exploring this place.
 F = Levels seen in this place.
 G = Mean time per level.
                   A        B        C        D        E       F      G
               +--------+--------+--------+--------+--------+-----+--------+
         Total |    832 |    832 |      0 |      6 |    702 |   2 |  416.0 |
       Dungeon |    832 |    832 |      0 |      6 |    702 |   2 |  416.0 |
               +--------+--------+--------+--------+--------+-----+--------+

Top non-repeatable levels by time:
     D:1: 753 daAuts
     D:2: 79 daAuts
